 Dungeon Crawl Stone Soup version 0.26-a0-54-g15ccc7a (webtiles) character file.

Game seed: 11330145910796896334

474 thirtiethelement the Shield-Bearer (level 7, -4/59 HPs)
             Began as a Gnoll Fighter on June 8, 2020.
             Was an Initiate of Gozag.
             Slain by an ogre
             ... wielding a cursed +0 giant spiked club
              (23 damage)
             ... on level 4 of the Dungeon.
             The game lasted 00:06:50 (3429 turns).

thirtiethelement the Shield-Bearer (Gnoll Fighter)  Turns: 3429, Time: 00:06:51

Health: -4/59      AC:  7    Str: 20    XL:     7   Next: 10%
Magic:  10/10      EV: 11    Int: 10    God:    Gozag
Gold:   399        SH:  6    Dex: 15    Spells: 10/10 levels left

rFire    + . .     SeeInvis .   a - +0 war axe
rCold    . . .     Gourm    .   p - +0 buckler
rNeg     . . .     Faith    .   b - +0 scale mail
rPois    .         Spirit   .   (no helmet)
rElec    .         Reflect  .   (no cloak)
rCorr    .         Harm     .   (no gloves)
MR       .....                  (no boots)
Stlth    +.........             (no amulet)
HPRegen  0.19/turn              i - ring of protection from fire
MPRegen  0.12/turn              (no ring)

@: no status effects
A: distributed training, fangs 1, strong nose
a: Potion Petition, Call Merchant, Bribe Branch, Renounce Religion


You were on level 4 of the Dungeon.
You worshipped Gozag.
Gozag was aware of your devotion.
You were not hungry.

You visited 1 branch of the dungeon, and saw 4 of its levels.

You collected 433 gold pieces.
You paid 34 gold pieces to Gozag.

Inventory:

Hand Weapons
 a - a +0 war axe (weapon)
Missiles
 k - 2 boomerangs (quivered)
Armour
 b - a +0 scale mail (worn)
 c - a +0 kite shield
 p - a +0 buckler (worn)
Jewellery
 i - a ring of protection from fire (left hand)
Scrolls
 g - 2 scrolls of remove curse
 n - a scroll of blinking
 o - a scroll of identify
 q - a scroll of fear {unknown}
Potions
 d - a potion of might
 e - a potion of magic {unknown}
 h - a potion of brilliance {unknown}
 j - a potion of cancellation {unknown}
 l - 2 potions of heal wounds
 m - a potion of curing {unknown}
Comestibles
 f - 4 rations


   Skills:
 + Level 6.9 Fighting
 + Level 2.2 Short Blades
 + Level 2.2 Long Blades
 + Level 5.1 Axes
 + Level 2.2 Maces & Flails
 + Level 2.2 Polearms
 + Level 2.2 Staves
 + Level 2.2 Slings
 + Level 2.2 Bows
 + Level 2.2 Crossbows
 + Level 2.2 Throwing
 + Level 6.9 Armour
 + Level 2.2 Dodging
 + Level 2.2 Stealth
 + Level 6.9 Shields
 + Level 2.2 Unarmed Combat
 + Level 2.2 Spellcasting
 + Level 1.8 Conjurations
 + Level 1.8 Hexes
 + Level 1.8 Charms
 + Level 1.8 Summonings
 + Level 1.8 Necromancy
 + Level 1.8 Translocations
 + Level 1.8 Transmutations
 + Level 1.8 Fire Magic
 + Level 1.8 Ice Magic
 + Level 1.8 Air Magic
 + Level 1.8 Earth Magic
 + Level 1.8 Poison Magic
 + Level 2.4 Invocations
 + Level 2.2 Evocations


You had 10 spell levels left.
You didn't know any spells.
Your spell library was empty.

Dungeon Overview and Level Annotations

Branches:
Dungeon (4/15)
 Temple: D:4-7

Altars:
Cheibriados
Fedhas
Gozag
Ru


Innate Abilities, Weirdness & Mutations

Your experience applies equally to all skills.
You have very sharp teeth.
Your uncanny sense of smell can sniff out nearby items.


Message History

You block the gnoll's attack.
You hit the gnoll.
The gnoll is moderately wounded.
The gnoll hits you.
You hit the gnoll but do no damage.
The gnoll is moderately wounded.
The gnoll hits you but does no damage. You block the gnoll's attack.
You slash the gnoll!
You kill the gnoll!
You hit the ogre. Your bite misses the ogre.
The ogre is lightly wounded.
The ogre closely misses you.
You hit the ogre.
The ogre is lightly wounded.
The ogre completely misses you.
You hit the ogre.
The ogre is moderately wounded.
The ogre hits you with a cursed +0 giant spiked club!!
You die...
Your body crumbles into a pile of gold.

### #.###########
#...........#
#.#########.# #.#
#.# #.# #.# ####
#.# #.# ...# #.#
#@# ...# #.# ####
#O# ...# #.# ..#..
... $ ...#
#.#...........
...#
#.#............
...#
#.#.............
...#
#.#.#.#..........
####
#...._............
##...#.#....


You could see an ogre.

Vanquished Creatures
  Sigmund (D:3)
  A hound (D:4)
  2 orc priests (D:3)
  2 worker ants (D:4)
  Robin (D:2)
  4 gnolls (D:4)
  6 adders
  3 worms (D:3)
  A dart slug (D:1)
  A leopard gecko (D:3)
  5 orcs
  2 ball pythons
  A bat zombie (D:1)
  6 giant cockroaches
  11 goblins
  10 hobgoblins
  4 jackals (D:2)
  8 kobolds
  2 bats
  4 frilled lizards
  A giant cockroach zombie (D:1)
  5 rats
81 creatures vanquished.

Notes
Turn   | Place    | Note
-------+----------+-------------------------------------------
     0 | D:1      | thirtiethelement the Gnoll Fighter began the quest for the
                  | Orb.
     0 | D:1      | Reached XP level 1. HP: 23/23 MP: 1/1
   153 | D:1      | Reached XP level 2. HP: 29/29 MP: 2/2
  1058 | D:2      | Reached XP level 3. HP: 35/35 MP: 3/3
  1095 | D:2      | Noticed Robin
  1104 | D:2      | Reached skill level 1 in Invocations
  1107 | D:2      | Killed Robin
  1109 | D:2      | Reached skill level 1 in Short Blades
  1109 | D:2      | Reached skill level 1 in Long Blades
  1109 | D:2      | Reached skill level 1 in Maces & Flails
  1109 | D:2      | Reached skill level 1 in Polearms
  1109 | D:2      | Reached skill level 1 in Staves
  1109 | D:2      | Reached skill level 1 in Slings
  1109 | D:2      | Reached skill level 1 in Bows
  1109 | D:2      | Reached skill level 1 in Crossbows
  1109 | D:2      | Reached skill level 1 in Throwing
  1109 | D:2      | Reached skill level 1 in Dodging
  1109 | D:2      | Reached skill level 1 in Stealth
  1109 | D:2      | Reached skill level 1 in Unarmed Combat
  1109 | D:2      | Reached skill level 1 in Spellcasting
  1109 | D:2      | Reached skill level 1 in Evocations
  1265 | D:2      | Found a sacrificial altar of Ru.
  1364 | D:2      | Reached XP level 4. HP: 41/41 MP: 5/5
  1368 | D:2      | Found an opulent altar of Gozag.
  1544 | D:2      | Became a worshipper of Gozag Ym Sagoz the Greedy
  1683 | D:2      | Found a blossoming altar of Fedhas.
  2089 | D:3      | Reached skill level 1 in Conjurations
  2089 | D:3      | Reached skill level 1 in Hexes
  2089 | D:3      | Reached skill level 1 in Charms
  2089 | D:3      | Reached skill level 1 in Summonings
  2089 | D:3      | Reached skill level 1 in Necromancy
  2089 | D:3      | Reached skill level 1 in Translocations
  2089 | D:3      | Reached skill level 1 in Transmutations
  2089 | D:3      | Reached skill level 1 in Fire Magic
  2089 | D:3      | Reached skill level 1 in Ice Magic
  2089 | D:3      | Reached skill level 1 in Air Magic
  2089 | D:3      | Reached skill level 1 in Earth Magic
  2089 | D:3      | Reached skill level 1 in Poison Magic
  2262 | D:3      | Noticed Sigmund
  2297 | D:3      | Killed Sigmund
  2297 | D:3      | Reached XP level 5. HP: 14/47 MP: 5/7
  2297 | D:3      | Reached XP level 6. HP: 16/53 MP: 5/8
  2853 | D:3      | Reached skill level 5 in Axes
  3260 | D:4      | Reached XP level 7. HP: 47/59 MP: 10/10
  3367 | D:4      | Found a snail-covered altar of Cheibriados.
  3429 | D:4      | Slain by an ogre

Illustrated notes

Levels and vault maps discovered:
D:1:      saegor_arrival_fortress, layout_loops_ring, minmay_cut_off
D:2:      layout_basic, nicolae_gozag_seed_capital, fedhas_altar_3,
          nicolae_ru_sacrificial_ziggurat, uniq_robin
D:3:      cheibrodos_pilgrimage, layout_basic, cheibrodos_sewer_entry_bend,
          uniq_sigmund
D:4:      minmay_polygon_palace, layout_basic, lemuel_crystal_altar,
          serial_shops, shop, first_ration, uniq_eustachio

Skill      XL: |  1  2  3  4  5  6 |
---------------+-------------------+-----
Invocations    | 1 2 |  2.4
Short Blades   | 1 2 |  2.2
Long Blades    | 1 2 |  2.2
Maces & Flails | 1 2 |  2.2
Polearms       | 1 2 |  2.2
Staves         | 1 2 |  2.2
Slings         | 1 2 |  2.2
Bows           | 1 2 |  2.2
Crossbows      | 1 2 |  2.2
Throwing       | 1 2 |  2.2
Dodging        | 1 2 |  2.2
Stealth        | 1 2 |  2.2
Unarmed Combat | 1 2 |  2.2
Spellcasting   | 1 2 |  2.2
Evocations     | 1 2 |  2.2
Conjurations   | 1 |  1.8
Hexes          | 1 |  1.8
Charms         | 1 |  1.8
Summonings     | 1 |  1.8
Necromancy     | 1 |  1.8
Translocations | 1 |  1.8
Transmutations | 1 |  1.8
Fire Magic     | 1 |  1.8
Ice Magic      | 1 |  1.8
Air Magic      | 1 |  1.8
Earth Magic    | 1 |  1.8
Poison Magic   | 1 |  1.8
Axes           | 5 |  5.1
Fighting       | |  6.9
Armour         | |  6.9
Shields        | |  6.9

Action                   |  1- 3 |  4- 6 |  7- 9 || total
-------------------------+-------+-------+-------++-------
Melee: War axe           |    86 |   133 |    27 ||   246
       Bite              |     5 |    13 |     2 ||    20
Invok: Potion Petition   |       |     1 |       ||     1
  Use: Scroll            |     6 |     3 |       ||     9
       Potion            |       |     1 |       ||     1
 Stab: Invisible         |       |     1 |       ||     1
       Sleeping          |       |     1 |       ||     1
       Distracted        |       |     1 |       ||     1
  Eat: Chunk             |     1 |     1 |       ||     2
       Ration            |       |     2 |       ||     2
Armor: Scale mail        |    33 |    39 |     4 ||    76
Dodge: Dodged            |    29 |    60 |    10 ||    99
Block: Kite shield       |    54 |    16 |       ||    70
       Buckler           |       |    31 |    14 ||    45

Table legend:
 A = Non-vault XP
 B = Vault XP
 C = Vault XP percentage of total XP
 D = Non-vault monster count
 E = Vault monster count
 F = Vault count percentage of total count
                 A         B        C        D         E       F
            +---------+---------+-------+---------+---------+-------
      Total |     328 |     350 |  51.6 |      57 |      24 |  29.6
            +---------+---------+-------+---------+---------+-------
        D:1 |      21 |       7 |  25.0 |      12 |       4 |  25.0
        D:2 |      51 |      35 |  40.7 |      16 |      12 |  42.9
        D:3 |      63 |     308 |  83.0 |      15 |       8 |  34.8
        D:4 |     193 |       0 |   0.0 |      14 |       0 |   0.0
            +---------+---------+-------+---------+---------+-------
